 Dungeon Crawl Stone Soup version 0.20.1-1-g8b1a95d (webtiles) character file.

153 Scotteh the Slasher (level 5, -2/46 HPs)
             Began as a Draconian Berserker on July 13, 2017.
             Was a Believer of Trog.
             Slain by a gnoll
             ... wielding a +0 spear
              (8 damage)
             ... on level 2 of the Dungeon.
             The game lasted 00:11:35 (3020 turns).

Scotteh the Slasher (Draconian Berserker)           Turns: 3020, Time: 00:11:36

Health: -2/46      AC:  5    Str: 20    XL:     5   Next: 12%
Magic:  5/5        EV: 13    Int:  8    God:    Trog [**....]
Gold:   100        SH:  0    Dex: 10    Spells: 4/4 levels left

rFire    . . .     SeeInvis .   a - +0 falchion
rCold    . . .     Gourm    .   (no shield)
rNeg     . . .     Faith    .   (armour unavailable)
rPois    .         Spirit   .   (helmet restricted)
rElec    .         Reflect  .   (no cloak)
rCorr    .         Harm     .   (no gloves)
MR       .....                  (no boots)
Stlth    +.........             (no amulet)
Regen    0.2/turn               (no ring)
MPRegen  0.1/turn               (no ring)

@: no status effects
A: unfitting armour, cold-blooded, AC +5
a: Berserk, Trog's Hand, Burn Spellbooks, Renounce Religion


You were on level 2 of the Dungeon.
You worshipped Trog.
Trog was pleased with you.
You were not hungry.

You visited 1 branch of the dungeon, and saw 3 of its levels.

You collected 100 gold pieces.

Inventory:

Hand Weapons
 a - a +0 falchion (weapon)
Scrolls
 c - 3 scrolls of identify
 e - 4 scrolls of teleportation {unknown}
 g - 2 scrolls of remove curse {unknown}
 h - a scroll of enchant weapon {unknown}
 j - 2 scrolls of fear {unknown}
 k - 2 scrolls of fog {unknown}
 l - a scroll of blinking {unknown}
Potions
 d - a potion of lignification
 i - a potion of mutation
Comestibles
 b - a bread ration
 f - a chunk of flesh
 m - a meat ration


   Skills:
 + Level 4.2 Fighting
 + Level 4.2 Long Blades
 + Level 3.6 Dodging
 + Level 1.2 Stealth


You had 4 spell levels left.
You didn't know any spells.

Dungeon Overview and Level Annotations

Branches:
Dungeon (3/15)

Altars:
Hepliaklqana
Makhleb
Nemelex Xobeh
Uskayaw
Yredelemnul


Innate Abilities, Weirdness & Mutations

Your plain brown scales are hard. (AC +5)
You cannot fit into any form of body armour.
You are cold-blooded and may be slowed by cold attacks.


Message History

The gnoll hits you from afar with a spear.
* * * LOW HITPOINT WARNING * * *
The gnoll misses you.
The gnoll hits you from afar with a spear.
* * * LOW HITPOINT WARNING * * *
You climb upwards.
There is a stone staircase leading down here.
The gnoll closely misses you. The gnoll closely misses you.
You barely miss the gnoll.
Your tail-slap misses the gnoll.
The gnoll hits you but does no damage.
You closely miss the gnoll.
Your tail-slap misses the gnoll.
The gnoll barely misses you.
You hit the gnoll.
The gnoll is moderately wounded.
The gnoll hits you but does no damage.
You hit the gnoll.
The gnoll is severely wounded.
The gnoll hits you with a spear!
You die...

........# #.###.##....##.......
........#####).#.##...#...###..#.
...............##.#)..###.# #.#..
........#####...#.#...# #.###.#..
#####...# #.........###.##....#
###.# #..>...)............# #.#
#..[.....#####..#.#.. #.#
#........# #....### #.##
#...@g..)# ##.[.# # #..#
#.####...### #....# #
##.####.####.#...# #....###
####.##..(.......#.####...##.
#....##.##.......#...........
#....##.##.......##<#.....##.
#..........((((.....##.......
#####................#####.......
...##.......##......(##..........


You could see a gnoll.

Vanquished Creatures
  2 gnolls
  7 adders
  2 oozes (D:2)
  4 worms (D:2)
  A dart slug (D:1)
  A ball python (D:2)
  9 bats
  A giant cockroach (D:2)
  8 goblins
  2 hobgoblins
  5 jackals (D:2)
  3 kobolds (D:1)
  3 frilled lizards
  5 rats
53 creatures vanquished.

Notes
Turn   | Place    | Note
-------+----------+-------------------------------------------
     0 | D:1      | Scotteh the Draconian Berserker began the quest for the Orb.
     0 | D:1      | Reached XP level 1. HP: 19/19 MP: 1/1
   206 | D:1      | Reached XP level 2. HP: 26/26 MP: 2/2
   932 | D:2      | Found a faded altar of an unknown god.
   959 | D:2      | Reached XP level 3. HP: 22/33 MP: 3/3
  1461 | D:2      | Reached XP level 4. HP: 15/40 MP: 4/4
  1462 | D:2      | Reached ** piety under Trog
  1465 | D:2      | Reached skill level 1 in Stealth
  1769 | D:2      | Found a basalt altar of Yredelemnul.
  1792 | D:2      | Found a sparkling altar of Nemelex Xobeh.
  2288 | D:2      | Found a burning altar of Makhleb.
  2288 | D:2      | Found a hazy altar of Hepliaklqana.
  2295 | D:2      | Found a faded altar of an unknown god.
  2299 | D:2      | Found a hide-covered altar of Uskayaw.
  2301 | D:2      | Found a faded altar of an unknown god.
  2667 | D:3      | Reached XP level 5. HP: 34/46 MP: 5/5
  3020 | D:2      | Slain by a gnoll

Skill      XL: |  1  2  3  4 |
---------------+-------------+-----
Dodging        | 3 |  3.6
Fighting       | 4 |  4.2
Stealth        | 1 |  1.2
Long Blades    | 4 |  4.2

Action                   |  1- 3 |  4- 6 || total
-------------------------+-------+-------++-------
Melee: Falchion          |    97 |    67 ||   164
       Tailslap          |    20 |    10 ||    30
  Use: Scroll            |     3 |       ||     3
       Potion            |     1 |       ||     1
 Stab: Sleeping          |     1 |     1 ||     2
  Eat: Royal jelly       |     1 |       ||     1
       Chunk             |       |     3 ||     3
       Bread ration      |       |     1 ||     1
Armor: Skin              |    38 |    21 ||    59
Dodge: Dodged            |    81 |    70 ||   151
       Rpst.: Falchion   |    21 |    19 ||    40
